 Dungeon Sprint DCSS version 0.27-a0-1196-g3e9cee4cb2 (webtiles) character file.

Game seed: 15536680565996775476

426 mhtbhm the Unseen (level 6, -1/49 HPs)
             Began as a Spriggan Brigand on May 28, 2021.
             Was an Initiate of Dithmenos.
             Slain by Sonja
             ... wielding a +4 short sword of distortion
              (6 damage)
             ... in the Dungeon (Sprint I: "Red Sonja").
             The game lasted 00:01:40 (498 turns).

mhtbhm the Unseen (Spriggan Brigand)                 Turns: 498, Time: 00:01:41

Health: -1/49      AC:  3    Str: 12    XL:     6   Next: 64%
Magic:  7/7        EV: 17    Int: 13    God:    Dithmenos [......]
Gold:   99         SH:  0    Dex: 18    Spells: 5/5 levels left

rFire    . . .     SeeInvis +   a - +8 rapier of Instant Death {freeze, rPois Str+5}
rCold    . . .     Faith    .   (shield restricted)
rNeg     . . .     Spirit   .   b - +0 robe
rPois    +         Reflect  .   (helmet restricted)
rElec    .         Harm     .   c - +0 cloak
rCorr    .         Rampage  .   (gloves unavailable)
Will     +....     NoTele   +   (boots unavailable)
Stlth    ..........             (no amulet)
HPRegen  0.16/turn              (no ring)
MPRegen  0.10/turn              (no ring)

@: berserking (expiring), slowed, very quick
A: very small, no large weapons, unfitting armour, see invisible, speed 3
a: Renounce Religion


You were in the Dungeon.
You worshipped Dithmenos.
Dithmenos was noncommittal.
You visited 1 branch You collected 297 gold pieces.
You spent 198 gold pieces at shops.

Inventory:

Hand Weapons
 a - the +8 rapier of Instant Death (weapon) {freeze, rPois Str+5}
   (You bought it in a shop in the Dungeon)

   It has been specially enchanted to freeze those struck by it, causing extra
   injury to most foes and up to half again as much damage against particularly
   susceptible opponents.
   It can also slow down cold-blooded creatures.
   It affects your strength (+5).
   It protects you from poison.
Missiles
 d - 4 poisoned darts (quivered)
Armour
 b - a +0 robe (worn)
 c - a +0 cloak (worn)
Wands
 e - a wand of polymorph (4)
Scrolls
 k - a scroll of blinking
Potions
 h - a potion of haste
 i - 2 potions of magic


   Skills:
 + Level 3.7 Fighting
 + Level 4.8 Short Blades
 + Level 6.0 Throwing
 + Level 2.2 Dodging
 + Level 17.4 Stealth


You had 5 spell levels left.
You didn't know any spells.
Your spell library was empty.

Dungeon Overview and Level Annotations

Branches:
Dungeon (1/1)

Altars:
Cheibriados
Dithmenos
Elyvilon
Fedhas
Gozag
Hepliaklqana
Kikubaaqudgha
Nemelex Xobeh
Okawaru
Qazlal
Ru
Sif Muna
Trog
Uskayaw
Vehumet
Wu Jian
Yredelemnul
Zin
The Shining One

Shops:
D *

Annotations:
D Sonja


Innate Abilities, Weirdness & Mutations

You are very small and have problems with some larger weapons.
You are too small for most types of armour.
You have supernaturally acute eyesight. (SInv)
You cover ground extremely quickly. (Speed+++)


Message History

Okay, then.
A red film seems to cover your vision as you go berserk!
You feel yourself moving faster!
You feel mighty!
Sonja hits you with a +4 short sword of distortion!
Space bends around you. Sonja barely misses you.
Sonja hits you with a +4 short sword of distortion.
Space warps horribly around you!
* * * LOW HITPOINT WARNING * * *
Sonja completely misses you. Sonja misses you. Sonja barely misses you.
Unknown command.
You completely miss Sonja.
Sonja is moderately wounded.
Sonja mumbles some strange words.
Sonja blinks!
Unknown command.
You miss Sonja.
Sonja is moderately wounded.
Sonja casts a spell.
Sonja blinks!
Unknown command.
Sonja throws a curare-tipped dart.
The curare-tipped dart completely misses you.
You feel a strong urge to attack something.
Sonja looks more healthy.
There is an open door here.
You puncture Sonja! You freeze Sonja.
Sonja is heavily wounded.
Sonja mumbles some strange words.
Sonja blinks!
Unknown command.
You feel a strong urge to attack something.
Sonja twirls her cape.
You see here a curare-tipped dart.
You hit Sonja. You freeze Sonja.
Sonja is severely wounded.
Sonja hits you with a +4 short sword of distortion!
* * * LOW HITPOINT WARNING * * *
Sonja misses you.
Sonja hits you with a +4 short sword of distortion.
You die...

################
#<.#.)'..#.)'..#
#..').#..'..#..+
#..#####'#####'#
#..####..#(..#(#
#..#__####..##(#
#..#_____##K#_.+
#⌠⌠#_.∩).†'.@._#
####_..__##_.#'#
#_____###'#(#
#########.###
+$.$+ #$($#
##(## #+#


You could see Sonja.

Vanquished Creatures
  Sigmund (D)
  A yak (D)
  An ogre (D)
  A jelly (D)
  Ijyb (D)
5 creatures vanquished.

Notes
Turn   | Place    | Note
-------+----------+-------------------------------------------
     0 | D        | mhtbhm the Spriggan Brigand began the quest for the Orb.
     0 | D        | Reached XP level 1. HP: 10/10 MP: 2/2
     1 | D        | Noticed Ijyb
     5 | D        | Killed Ijyb
     6 | D        | Reached skill level 9 in Stealth
     6 | D        | Reached XP level 2. HP: 15/15 MP: 3/3
   257 | D        | Noticed an ogre
   266 | D        | Killed an ogre
   267 | D        | Reached skill level 12 in Stealth
   267 | D        | Reached XP level 3. HP: 19/19 MP: 4/4
   267 | D        | Reached XP level 4. HP: 23/23 MP: 5/5
   387 | D        | Noticed Sigmund
   390 | D        | Killed Sigmund
   391 | D        | Reached skill level 5 in Throwing
   391 | D        | Reached skill level 15 in Stealth
   391 | D        | Reached XP level 5. HP: 28/28 MP: 6/6
   404 | D        | Found an ornate altar of the Wu Jian Council.
   404 | D        | Found a shimmering blue altar of Sif Muna.
   406 | D        | Found a radiant altar of Vehumet.
   411 | D        | Reached XP level 6. HP: 32/32 MP: 7/7
   412 | D        | Found Sigisoro's Assorted Antiques.
   412 | D        | Found an ancient bone altar of Kikubaaqudgha.
   412 | D        | Found a hazy altar of Hepliaklqana.
   412 | D        | Found a stormy altar of Qazlal.
   412 | D        | Found a hide-covered altar of Uskayaw.
   412 | D        | Found a blossoming altar of Fedhas.
   412 | D        | Found a bloodstained altar of Trog.
   412 | D        | Found an iron altar of Okawaru.
   412 | D        | Found a basalt altar of Yredelemnul.
   412 | D        | Found a glowing golden altar of the Shining One.
   412 | D        | Found a snail-covered altar of Cheibriados.
   412 | D        | Found a sacrificial altar of Ru.
   412 | D        | Found a glowing silver altar of Zin.
   412 | D        | Found a shadowy altar of Dithmenos.
   412 | D        | Found a white marble altar of Elyvilon.
   412 | D        | Noticed a yak
   413 | D        | Found an opulent altar of Gozag.
   414 | D        | Killed a yak
   415 | D        | Reached skill level 17 in Stealth
   415 | D        | Found a sparkling altar of Nemelex Xobeh.
   423 | D        | Became a worshipper of Dithmenos the Shadowed
   470 | D        | Bought a jewelled rapier for 198 gold pieces
   470 | D        | Identified the +8 rapier of Instant Death {freeze, rPois
                  | Str+5} (You bought it in a shop in the Dungeon)
   478 | D        | Noticed Sonja
   498 | D        | Slain by Sonja

Illustrated notes

Levels and vault maps discovered:
D:        dungeon_sprint_1 [red_sonja_temple_1, red_sonja_temple_small_1]

Skill      XL: |  1  2  3  4  5  6 |
---------------+-------------------+-----
Fighting       | 2 3 |  3.7
Stealth        | 9 12 15 17 | 17.4
Short Blades   | 3 4 |  4.8
Throwing       | 3 5 6 |  6.0
Dodging        | 2 |  2.2

Action                   |  1- 3 |  4- 6 || total
-------------------------+-------+-------++-------
Melee: Dagger            |       |     3 ||     3
       Rapier            |       |     4 ||     4
Throw: Dart              |     9 |     6 ||    15
  Use: Potion            |       |     3 ||     3
 Stab: Sleeping          |       |     3 ||     3
Dodge: Dodged            |       |     6 ||     6

Table legend: (Time is in decaauts)
 A = Elapsed time spent in this place.
 B = Non-inter-level travel time spent in this place.
 C = Inter-level travel time spent in this place.
 D = Time resting spent in this place.
 E = Time spent auto-exploring this place.
 F = Levels seen in this place.
 G = Mean time per level.
                   A        B        C        D        E       F      G
               +--------+--------+--------+--------+--------+-----+--------+
         Total |    453 |    453 |      0 |    342 |      0 |   1 |  453.0 |
       Dungeon |    453 |    453 |      0 |    342 |      0 |   1 |  453.0 |
               +--------+--------+--------+--------+--------+-----+--------+

Top non-repeatable levels by time:
       D: 453 daAuts
